 Dungeon Crawl Stone Soup version 0.21.1-1-g345015fe64 (webtiles) character file.

110 ILYA101 the Grave Robber (level 4, -3/21 HPs)
             Began as a Spriggan Necromancer on July 14, 2018.
             Slain by 3rdEnemy's ghost (12 damage)
             ... on level 3 of the Dungeon.
             The game lasted 00:13:12 (4705 turns).

ILYA101 the Grave Robber (Spriggan Necromancer)     Turns: 4705, Time: 00:13:12

Health: -3/21      AC:  3    Str:  4    XL:     4   Next: 61%
Magic:  9/11       EV: 18    Int: 17    God:
Gold:   141        SH:  0    Dex: 16    Spells: 4/12 levels left

rFire    . . .     SeeInvis +   n - +0 spear
rCold    . . .     Gourm    .   (shield restricted)
rNeg     . . .     Faith    .   a - +0 robe
rPois    .         Spirit   .   (helmet restricted)
rElec    .         Reflect  .   g - +0 cloak
rCorr    .         Harm     .   (gloves unavailable)
MR       .....                  (boots unavailable)
Stlth    ++........             (no amulet)
HPRegen  0.07/turn              (no ring)
MPRegen  0.12/turn              (no ring)

@: lethally poisoned (-3 -> -7), very quick
A: very small, unfitting armour, see invisible, herbivore, speed 3, slow
metabolism 2
a: no special abilities


You were on level 3 of the Dungeon.
You were not hungry.

You visited 1 branch of the dungeon, and saw 4 of its levels.

You collected 141 gold pieces.

Inventory:

Hand Weapons
 n - a +0 spear (weapon)
Armour
 a - a +0 robe (worn)
 g - a +0 cloak (worn)
Jewellery
 m - an uncursed ring of positive energy {unknown}
Wands
 q - a wand of polymorph (11)
Scrolls
 d - 2 scrolls of remove curse {unknown}
 e - a scroll of enchant weapon {unknown}
 k - 4 scrolls of identify {unknown}
 l - a scroll of blinking {unknown}
 p - 3 scrolls of teleportation {unknown}
 r - a scroll of enchant armour {unknown}
Potions
 f - 2 potions of brilliance {unknown}
 h - a potion of curing {unknown}
 i - a potion of heal wounds {unknown}
 j - a potion of resistance {unknown}
 o - 2 potions of might {unknown}
Books
 b - a book of Necromancy

   Spells                             Type                      Level
   a - Pain                           Necromancy                   1
   b - Animate Skeleton               Necromancy                   1
   c - Vampiric Draining              Necromancy                   3
   d - Regeneration                   Charms/Necromancy            3
   e - Animate Dead                   Necromancy                   4
   f - Borgnjor's Vile Clutch         Necromancy/Earth             5
Comestibles
 c - 3 rations


   Skills:
 + Level 3.2 Dodging
 + Level 3.2 Stealth
 + Level 4.5 Spellcasting
 + Level 4.6 Necromancy


You had 4 spell levels left.
You knew the following spells:

 Your Spells              Type           Power        Failure   Level  Hunger
a - Pain                  Necr           ###.         2%          1    None
b - Vampiric Draining     Necr           ###.......   7%          3    ###....
c - Animate Dead          Necr           N/A          22%         4    ####...


Dungeon Overview and Level Annotations

Branches:
Dungeon (4/15)
 Temple: D:4-7

Altars:
Fedhas
Okawaru
Uskayaw

Annotations:
D:3 3rdEnemy's ghost, amateur MiFi


Innate Abilities, Weirdness & Mutations

You are very small and have problems with some larger weapons.
You are too small for most types of armour.
You have supernaturally acute eyesight. (SInv)
You are a herbivore.
You cover ground extremely quickly.
You need consume almost no food.


Message History

Aim: an adder (chance to defeat MR: 84%)
The adder writhes in agony!
The adder bites you.
You are poisoned.
The adder poisons you!
Casting: Pain
Confirm with . or Enter, or press ? or * to list all spells.
Aiming: Pain
Press: ? - help, Shift-Dir - straight line, f/p - adder
Aim: an adder (heavily wounded, chance to defeat MR: 84%)
The adder writhes in agony!
You feel sick. The adder closely misses you. The adder barely misses you.
The worker ant waves its antennae.
You feel sick.
There is a stone staircase leading up here.
You feel sick. The adder bites you.
You climb upwards.
Level annotation: 3rdEnemy's ghost, amateur MiFi 3rdEnemy's ghost hits you!
Ouch! That really hurt!
You die...

#.#.### ####.##. #...#
#########...##. #..##
#.......).###..
#####..###.######### .
#......#...# #
#........### #........##
#.........###
#......@....#######
#.......W........[#
#######.......###.#.....#
##.....#...<...#
#.#.#####
##..............# #...#
#..............## #..##
#.........#...## ##Z## ##
#.........########...#
##.
#.........##...ZZZ.#.##
#..


You could see 3rdEnemy's ghost.

Vanquished Creatures
  Ijyb (D:3)
  3 adders
  2 oozes (D:1)
  2 worms (D:2)
  A dart slug (D:1)
  A leopard gecko (D:2)
  An orc (D:3)
  3 bats (D:2)
  3 giant cockroaches
  4 goblins
  5 hobgoblins
  A quokka (D:2)
  3 frilled lizards (D:1)
  6 kobolds
  5 rats
41 creatures vanquished.

Notes
Turn   | Place    | Note
-------+----------+-------------------------------------------
     0 | D:1      | ILYA101 the Spriggan Necromancer began the quest for the Orb.
     0 | D:1      | Reached XP level 1. HP: 9/9 MP: 5/5
   250 | D:1      | Reached XP level 2. HP: 8/13 MP: 1/6
  1492 | D:1      | Reached XP level 3. HP: 15/16 MP: 5/8
  2764 | D:2      | Found an iron altar of Okawaru.
  3250 | D:2      | Learned a level 3 spell: Vampiric Draining
  3623 | D:2      | Found a blossoming altar of Fedhas.
  3904 | D:3      | Noticed Ijyb
  3915 | D:3      | Killed Ijyb
  3915 | D:3      | Reached XP level 4. HP: 20/21 MP: 1/11
  4042 | D:3      | Noticed 3rdEnemy's ghost (amateur MiFi)
  4368 | D:3      | Learned a level 4 spell: Animate Dead
  4690 | D:4      | Found a hide-covered altar of Uskayaw.
  4705 | D:3      | Slain by 3rdEnemy's ghost

Skill      XL: |  1  2  3 |
---------------+----------+-----
Spellcasting   | 3 4 |  4.5
Necromancy     | 4 |  4.6
Dodging        | |  3.2
Stealth        | |  3.2

Action                   |  1- 3 |  4- 6 || total
-------------------------+-------+-------++-------
Melee: Spear             |    20 |    12 ||    32
       Unarmed           |     4 |       ||     4
 Cast: Pain              |   108 |    13 ||   121
       Vampiric Draining |     2 |       ||     2
       Animate Dead      |       |     1 ||     1
  Eat: Ration            |       |     1 ||     1
Armor: Robe              |     2 |       ||     2
       Skin              |     1 |       ||     1
Dodge: Dodged            |    15 |     6 ||    21
